[Event "Team 45 45 League T74"]
[Site "Internet Chess Club"]
[Date "2017.10.21"]
[Round "6"]
[White "Grenadier"]
[Black "calsal"]
[Result "0-1"]
[WhiteElo "1594"]
[BlackElo "1697"]
[Opening "Bishop's opening: Berlin defense"]
[ECO "C24"]
[Time "09:19:48"]
[TimeControl "2700+45"]

1. e4 e5 2. Bc4 Nf6 3. d3 Bc5 4. Nc3 d6 5. f4 Nc6 6. Nf3 a6 7. f5 Qe7 8. Qe2 Na5
9. Bg5 Nxc4 10. dxc4 c6 11. a3 Bd7 12. O-O-O Bb6 13. Rd2 O-O-O 14. Rhd1 Bc7 15.
h3 Kb8 16. Bh4 h6 17. g4 g5 18. Bf2 Bc8 19. Qe3 c5 20. Nd5 Nxd5 21. Rxd5 Bd7 22.
b4 b6 23. bxc5 bxc5 24. Qb3+ Ka7 25. Qc3 Bc6 26. R5d2 Bxe4 27. Ne1 Rb8 28. Nd3
Rb7 29. Nxc5 dxc5 30. Rd7 Qf6 31. Bxc5+ Ka8 32. Qe3 Bc6 33. Be7 Qg7 34. f6 Qg6
35. Rxc7 Rxc7 36. Qb6 Ba4 37. Rd2 Rc6 38. Qb4 Rb8 39. Qxa4 Rcb6 40. Rd3 Qe4 41.
Kd2 Rc8 42. Qa5 Rbc6 43. c5 Qc4 44. Qc3 Qf4+ 45. Kd1 Rb8 46. Rd8 Rxd8+ 47. Bxd8
Qf1+ 48. Kd2 Qf2+ 49. Kd1 Qf1+ 50. Kd2 Qf2+ 51. Kc1 Rxc5 52. Qd3 Qe1+ 53. Kb2
Rb5+ {White resigns} 0-1

[Event "Team 45 45 League T74"]
[Site "Internet Chess Club"]
[Date "2017.10.23"]
[Round "6"]
[White "Chess4Him"]
[Black "bmw2002"]
[Result "1-0"]
[WhiteElo "1549"]
[BlackElo "1457"]
[Opening "King's Indian: London system"]
[ECO "A45"]
[Time "20:03:45"]
[TimeControl "2700+45"]

1. d4 Nf6 2. Bf4 g6 3. Nf3 Bg7 4. Nbd2 O-O 5. h3 d6 6. e3 Nbd7 7. Bh2 c5 8. c3
Qb6 9. Qb3 a6 10. dxc5 Qxc5 11. Qc2 b5 12. Nb3 Qc7 13. a3 Nb6 14. Bd3 Bb7 15.
Nbd2 Qc6 16. O-O h5 17. Rfe1 d5 18. Nd4 Qd7 19. N2b3 Rac8 20. Nd2 g5 21. N2f3
Ne4 22. Bxe4 dxe4 23. Nxg5 Qd5 24. h4 f6 25. Nge6 Rf7 26. Rad1 Qe5 27. Bxe5
{Black resigns} 1-0

[Event "Team 45 45 League T74"]
[Site "Internet Chess Club"]
[Date "2017.10.23"]
[Round "6"]
[White "LookImYourVader"]
[Black "ascoli"]
[Result "1/2-1/2"]
[WhiteElo "1770"]
[BlackElo "1725"]
[Opening "French: exchange variation"]
[ECO "C01"]
[Time "14:00:54"]
[TimeControl "2700+45"]

1. e4 e6 2. d4 d5 3. exd5 exd5 4. Bd3 Bd6 5. Ne2 Nf6 6. Bf4 O-O 7. O-O Bg4 8. f3
Bh5 9. Nd2 Qe7 10. Re1 Re8 11. Bxd6 Qxd6 12. Ng3 Nbd7 13. Nb3 Qf4 14. Qd2 Qxd2
15. Nxd2 Bg6 16. Bxg6 hxg6 17. Kf2 Nh5 18. Nxh5 gxh5 19. Rxe8+ Rxe8 20. Re1 Rxe1
21. Kxe1 Nf6 22. Kf2 g5 23. Nf1 Kg7 24. Ne3 Kg6 25. g3 c6 26. h3 Ne8 27. c4 dxc4
28. Nxc4 f6 29. Ke3 Kf5 30. g4+ hxg4 31. hxg4+ Ke6 32. Ke4 b5 33. Ne3 Nd6+ 34.
Kd3 f5 35. b3 f4 36. d5+ cxd5 37. Nc2 a5 38. Nd4+ Kd7 39. a4 bxa4 40. bxa4 Nc4
41. Nb3 Kd6 42. Kd4 Nb2 43. Nxa5 Nxa4 44. Nb7+ Ke6 45. Nd8+ Ke7 46. Nc6+ Kd6 47.
Nd8 Ke7 48. Nc6+ Kd6 49. Nd8 {Game drawn by mutual agreement} 1/2-1/2

[Event "Team 45 45 League T74"]
[Site "Internet Chess Club"]
[Date "2017.10.22"]
[Round "6"]
[White "Portola"]
[Black "ColourfulChess"]
[Result "0-1"]
[WhiteElo "1681"]
[BlackElo "1694"]
[Opening "Torre attack (Tartakower variation)"]
[ECO "D03"]
[Time "14:01:12"]
[TimeControl "2700+45"]

1. d4 d5 2. Nf3 Nf6 3. Bg5 c5 4. e3 Nc6 5. c3 Qb6 6. Qb3 c4 7. Qxb6 axb6 8. Nbd2
h6 9. Bh4 Bf5 10. Be2 e6 11. O-O b5 12. a3 Be7 13. h3 O-O 14. Rfe1 g5 15. Bg3
Nd7 16. Bf1 Nb6 17. e4 dxe4 18. Nxe4 Na4 19. Ra2 Rfd8 20. Nfd2 Bg6 21. f3 f6 22.
Re2 Kf7 23. Nf2 Rd7 24. Bh2 Ra6 25. f4 b4 26. Nde4 f5 27. Nc5 Bxc5 28. dxc5 bxc3
29. bxc3 Nxc3 30. Rec2 Nxa2 31. Rxa2 Nb4 32. Rb2 Nd3 33. Rc2 Rxa3 34. Rxc4 Nxf2
35. Kxf2 Rd2+ 36. Ke1 Rb2 37. Rc1 Re3+ 38. Kd1 Bh5+ 39. g4 fxg4 40. Rc2 g3+ 41.
Kd2 Rxc2+ 42. Kxc2 gxh2 {White resigns} 0-1

[Event "Team 45 45 League T74"]
[Site "Internet Chess Club"]
[Date "2017.10.22"]
[Round "6"]
[White "a-man"]
[Black "bayoumicardio10"]
[Result "1-0"]
[WhiteElo "1680"]
[BlackElo "1440"]
[Opening "King's Indian: fianchetto, Yugoslav, 7.O-O"]
[ECO "E65"]
[Time "15:01:12"]
[TimeControl "2700+45"]

1. d4 Nf6 2. Nf3 g6 3. g3 Bg7 4. Bg2 O-O 5. O-O d6 6. c4 c5 7. Nc3 Bf5 8. dxc5
dxc5 9. Ne5 Nc6 10. Nxc6 bxc6 11. Bxc6 Bh3 12. Bxa8 Qxa8 13. f3 Rd8 14. Qe1 Ng4
15. Ne4 Bxf1 16. Kxf1 f5 17. Nf2 Nxh2+ 18. Kg1 Nxf3+ 19. exf3 Qxf3 20. Qe3 Rd1+
21. Nxd1 Bd4 22. Kh2 Bxe3 23. Bxe3 Qe2+ 24. Kg1 e5 25. Bxc5 Qxc4 26. Bxa7 Qg4
27. Bf2 f4 28. Kg2 e4 29. Rc1 e3 30. Nxe3 fxe3 31. Bxe3 h5 32. Kf2 g5 33. Rc5
Qe6 34. Rxg5+ Kf7 35. Rxh5 Qf6+ 36. Bf4 Qxb2+ 37. Kf3 Qxa2 38. Rh4 Qd5+ 39. Kg4
Qg2 40. Kf5 Qd5+ 41. Kg4 Qe6+ 42. Kf3 Qf5 43. Kg2 Qd5+ 44. Kf2 Kg6 45. Rh6+ Kf5
46. Rh5+ {Black resigns} 1-0

[Event "Team 45 45 League T74"]
[Site "Internet Chess Club"]
[Date "2017.10.23"]
[Round "6"]
[White "akshayk06"]
[Black "chesskid168"]
[Result "1/2-1/2"]
[WhiteElo "1435"]
[BlackElo "1410"]
[Opening "Grünfeld: modern exchange variation"]
[ECO "D85"]
[Time "00:15:26"]
[TimeControl "2700+45"]

1. d4 Nf6 2. c4 g6 3. Nc3 d5 4. cxd5 Nxd5 5. e4 Nxc3 6. bxc3 Bg7 7. Nf3 c5 8. h3
O-O 9. Be3 Nc6 10. e5 e6 11. Be2 cxd4 12. cxd4 b6 13. Bg5 f6 14. exf6 Bxf6 15.
Bxf6 Qxf6 16. Rc1 Bb7 17. Bb5 Nb4 18. a3 Nd5 19. O-O Rac8 20. Rxc8 Rxc8 21. Qb3
a6 22. Bd7 Rc7 23. Ne5 Bc8 24. Bxc8 Rxc8 25. Qa4 a5 26. Qd7 Rd8 27. Qc6 {Game
drawn by mutual agreement} 1/2-1/2

[Event "Team 45 45 League T74"]
[Site "Internet Chess Club"]
[Date "2017.10.21"]
[Round "6"]
[White "Ksadury"]
[Black "Arthurhon"]
[Result "1-0"]
[WhiteElo "1603"]
[BlackElo "1500"]
[Opening "Caro-Kann: advance variation"]
[ECO "B12"]
[Time "08:00:41"]
[TimeControl "2700+45"]

1. e4 c6 2. d4 d5 3. e5 Bf5 4. Nf3 e6 5. Bd3 Bxd3 6. Qxd3 Nd7 7. O-O Be7 8. c3
Nh6 9. Nbd2 O-O 10. Nb3 Rc8 11. Be3 Nf5 12. Rac1 Nxe3 13. fxe3 c5 14. Qe2 c4 15.
Nbd2 Qb6 16. Rb1 f6 17. exf6 Bxf6 18. e4 dxe4 19. Nxe4 e5 20. Nxf6+ Nxf6 21.
Nxe5 Rce8 22. Qxc4+ Kh8 23. Nf7+ Kg8 24. Nd6+ Kh8 25. Nxe8 Rxe8 26. Rbe1 Rc8 27.
Qxc8+ Ng8 28. Qxg8+ Kxg8 29. Re8# {Black checkmated} 1-0

[Event "Team 45 45 League T74"]
[Site "Internet Chess Club"]
[Date "2017.10.22"]
[Round "6"]
[White "krysto"]
[Black "moodle"]
[Result "1-0"]
[WhiteElo "1603"]
[BlackElo "1500"]
[Opening "QGD: Orthodox defense, Botvinnik variation"]
[ECO "D60"]
[Time "13:02:14"]
[TimeControl "2700+45"]

1. d4 d5 2. c4 e6 3. Nc3 Nf6 4. Bg5 Be7 5. e3 Nbd7 6. Nf3 O-O 7. Bd3 a6 8. O-O
dxc4 9. Bxc4 b5 10. Bd3 Bb7 11. Rc1 Re8 12. Re1 Nf8 13. Ne5 Ng6 14. Bxg6 hxg6
15. f3 Rc8 16. Ne2 Nd5 17. Bxe7 Qxe7 18. Nc3 Qd6 19. Ne4 Qe7 20. Nc5 Rb8 21. Qd2
Nb6 22. b3 Rec8 23. e4 Qd6 24. Nxb7 Rxb7 25. Rc6 Qe7 26. Rec1 Qd8 27. R1c5 Ra8
28. Qc3 Rc8 29. Nd3 Qd7 30. Nb4 a5 31. Na6 b4 32. Qd3 Ra7 33. Kf1 Rd8 34. Nxc7
Rc8 35. Rxb6 Rcxc7 36. Rb8+ Kh7 37. Qb5 Qxd4 38. Rh5+ gxh5 39. Qxh5# {Black
checkmated} 1-0

[Event "Team 45 45 League T74"]
[Site "Internet Chess Club"]
[Date "2017.10.20"]
[Round "6"]
[White "Bizzy-Ketty"]
[Black "scostanzo212"]
[Result "1-0"]
[WhiteElo "1580"]
[BlackElo "1473"]
[Opening "Sicilian: Canal-Sokolsky (Nimzovich-Rossolimo, Moscow) attack"]
[ECO "B51"]
[Time "17:31:28"]
[TimeControl "2700+45"]

1. e4 c5 2. Nf3 d6 3. Bb5+ Nd7 4. O-O a6 5. Be2 Ngf6 6. Nc3 b5 7. d3 Bb7 8. a3
e6 9. Bg5 Be7 10. Bf4 Rc8 11. Nd2 Nb6 12. Bf3 Ba8 13. Re1 O-O 14. Qe2 e5 15. Bg3
Bb7 16. Bg4 Nxg4 17. Qxg4 Qd7 18. Qh5 f5 19. f3 f4 20. Bh4 Bxh4 21. Qxh4 Rf6 22.
Qf2 Rcf8 23. Kh1 Rh6 24. h3 Rff6 25. Rg1 Bc8 26. Nf1 Qe8 27. Ne2 Qh5 28. Nh2
Rfg6 29. c3 Qh4 30. Qxh4 Rxh4 31. b3 Rgh6 32. Rgf1 g5 33. Kg1 Rg6 34. Kf2 h5 35.
Ke1 g4 36. fxg4 hxg4 37. Rh1 gxh3 38. Nf3 Rhh6 39. gxh3 Rxh3 40. Rxh3 Bxh3 41.
Kd2 Be6 42. c4 Rg3 43. Nxg3 fxg3 44. Rg1 Kf8 45. Rxg3 bxc4 46. dxc4 a5 47. a4
Bxc4 48. bxc4 Nxc4+ 49. Kc3 Nb6 50. Kb3 Ke7 51. Rg7+ Ke6 52. Nd2 d5 53. Rg6+
{Black resigns} 1-0

[Event "Team 45 45 League T74"]
[Site "Internet Chess Club"]
[Date "2017.10.20"]
[Round "6"]
[White "RD1974"]
[Black "idjit"]
[Result "0-1"]
[WhiteElo "1626"]
[BlackElo "1645"]
[Opening "French: King's Indian attack"]
[ECO "C00"]
[Time "09:50:34"]
[TimeControl "2700+45"]

1. e4 e6 2. d3 d5 3. Nd2 Bd6 4. Ngf3 Nc6 5. g3 Nf6 6. Bg2 O-O 7. O-O Re8 8. Re1
dxe4 9. dxe4 e5 10. Nc4 Be6 11. Nxd6 Qxd6 12. Bg5 Rad8 13. Qe2 Bg4 14. c3 h6 15.
Rad1 Qe6 16. Bxf6 Qxf6 17. h3 Be6 18. b3 Rxd1 19. Rxd1 Rd8 20. Nh2 Rxd1+ 21.
Qxd1 Qe7 22. Nf1 Qd7 23. Qxd7 Bxd7 24. Ne3 Ne7 25. Nd5 Nxd5 26. exd5 Kf8 27. c4
Bf5 28. a3 Ke7 29. f4 exf4 30. gxf4 Kd6 31. b4 b6 32. h4 Bd3 33. Bf1 Bxf1 34.
Kxf1 b5 35. Ke2 bxc4 36. Kd2 Kxd5 37. Kc3 a6 38. h5 g6 39. hxg6 fxg6 40. a4 h5
41. b5 a5 {White resigns} 0-1

[Event "Team 45 45 League T74"]
[Site "Internet Chess Club"]
[Date "2017.10.20"]
[Round "6"]
[White "noblitz-oblige"]
[Black "OGO"]
[Result "1-0"]
[WhiteElo "1463"]
[BlackElo "1380"]
[Opening "Sicilian defense"]
[ECO "B32"]
[Time "21:38:55"]
[TimeControl "2700+45"]

1. e4 c5 2. Nf3 Nc6 3. d4 e6 4. d5 exd5 5. exd5 Nce7 6. c4 d6 7. Be2 g6 8. Nc3
Bg7 9. O-O Nf6 10. Bf4 a6 11. Qd2 O-O 12. Bh6 Bd7 13. Bxg7 Kxg7 14. Rfe1 Rb8 15.
h3 b5 16. b3 b4 17. Nd1 a5 18. Ne3 Ne4 19. Qc2 Nc3 20. Bd3 f5 21. Nd1 Ng8 22.
Nxc3 bxc3 23. Qxc3+ Qf6 24. Qxa5 Rfe8 25. Rxe8 Qxa1+ 26. Re1 Qf6 27. Qc7 Rd8 28.
Re6 Qf7 29. Qxd8 Bxe6 30. Ng5 Qf6 31. Nxe6+ {Black resigns} 1-0

[Event "Team 45 45 League T74"]
[Site "Internet Chess Club"]
[Date "2017.10.20"]
[Round "6"]
[White "oldprez1"]
[Black "Just-Jim"]
[Result "1-0"]
[WhiteElo "1133"]
[BlackElo "1323"]
[Opening "KP: Nimzovich defense"]
[ECO "B00"]
[Time "18:00:28"]
[TimeControl "2700+45"]

1. e4 Nc6 2. d4 e6 3. Nf3 d6 4. Bb5 Bd7 5. Nc3 h6 6. O-O a6 7. Be2 Nf6 8. Re1
Be7 9. Bf4 O-O 10. e5 Nh5 11. exd6 Nxf4 12. dxe7 Qxe7 13. Bc4 Qf6 14. Qd2 Qf5
15. Re4 g5 16. Ne5 Nxe5 17. Rxe5 Qg4 18. Bf1 Bc6 19. Qd1 Bf3 20. Qxf3 Qxf3 21.
gxf3 Rad8 22. Rd1 b5 23. Ne4 f6 24. Rc5 Rd7 25. Rc6 Nd5 26. Nc5 Re7 27. Nxa6 Ra8
28. Bxb5 Ra7 29. c4 Nf4 30. Nb4 Rd7 31. Rxe6 Nh3+ 32. Kf1 Rg7 33. Rxf6 Kh7 34.
c5 Rb7 35. Bd3+ Kg8 36. a3 Nf4 37. Bc4+ Kh7 38. Rf7 Rxf7 39. Bxf7 c6 40. Be8 Re7
41. Bxc6 Re2 42. Nd3 Re6 43. Nxf4 Rxc6 44. Ne2 h5 45. h3 Rf6 46. Ng1 h4 47. b4
Ra6 48. Rd3 Kg6 49. d5 Kf6 50. c6 Rb6 51. c7 {Black resigns} 1-0

[Event "Team 45 45 League T74"]
[Site "Internet Chess Club"]
[Date "2017.10.20"]
[Round "6"]
[White "kingsrook"]
[Black "Rbug"]
[Result "1-0"]
[WhiteElo "1192"]
[BlackElo "1024"]
[Opening "QGD Slav: exchange variation"]
[ECO "D10"]
[Time "16:31:33"]
[TimeControl "2700+45"]

1. d4 d5 2. c4 c6 3. Nc3 Bf5 4. Nf3 Nf6 5. cxd5 cxd5 6. e3 Nbd7 7. Qb3 Rb8 8.
Nxd5 Nxd5 9. Qxd5 e6 10. Qb3 Be7 11. Bd3 O-O 12. O-O Bxd3 13. Qxd3 Qb6 14. Rb1
Rfd8 15. Qe2 Ba3 16. b3 Be7 17. Bb2 Nf6 18. Rfd1 Nd5 19. e4 Nf4 20. Qe3 Ng6 21.
Re1 f6 22. e5 fxe5 23. Nxe5 Nf8 24. Rbc1 Bb4 25. Re2 Qd6 26. Qf4 Ng6 27. Qf7+
Kh8 28. Nxg6+ hxg6 29. Qxe6 Qf4 30. Qe4 Qd6 31. d5 Bc5 32. Be5 Qxd5 33. Qxd5
Rxd5 34. Bxb8 Rf5 35. Bg3 {Black resigns} 1-0

[Event "Team 45 45 League T74"]
[Site "Internet Chess Club"]
[Date "2017.10.20"]
[Round "6"]
[White "kabubi"]
[Black "rkaebi"]
[Result "1-0"]
[WhiteElo "1187"]
[BlackElo "1421"]
[Opening "French: advance, Paulsen attack"]
[ECO "C02"]
[Time "14:30:20"]
[TimeControl "2700+45"]

1. e4 e6 2. d4 d5 3. e5 c5 4. c3 Nc6 5. Nf3 Qb6 6. a3 Nge7 7. b4 cxd4 8. cxd4
Nf5 9. Be3 Nxe3 10. fxe3 Be7 11. Bd3 f6 12. Qe2 fxe5 13. dxe5 O-O 14. O-O Bd7
15. Nc3 Qc7 16. Nb5 Qb8 17. Rac1 Nxe5 18. Nc7 Nxd3 19. Qxd3 a6 20. Nxa8 Bb5 21.
Qc2 Bxf1 22. Nb6 Qd6 23. Nc8 Qd7 24. Kxf1 Bg5 25. Ke1 Bxe3 26. Ne5 Qb5 27. Ne7+
Kh8 28. Nf7+ Rxf7 29. Qc8+ Rf8 30. Qxf8# {Black checkmated} 1-0

[Event "Team 45 45 League T74"]
[Site "Internet Chess Club"]
[Date "2017.10.21"]
[Round "6"]
[White "rubo"]
[Black "crazyhorses"]
[Result "1-0"]
[WhiteElo "1562"]
[BlackElo "1412"]
[Opening "King's Indian: London system"]
[ECO "A48"]
[Time "16:00:36"]
[TimeControl "2700+45"]

1. d4 Nf6 2. Nf3 g6 3. Bf4 Bg7 4. e3 d6 5. h3 O-O 6. Be2 Nbd7 7. O-O b6 8. c4
Bb7 9. Qc2 Re8 10. Nc3 e5 11. Bh2 exd4 12. exd4 d5 13. Nb5 Rc8 14. Nxa7 Ra8 15.
Nb5 Qe7 16. Nxc7 Qxe2 17. Qxe2 Rxe2 18. Nxa8 Bxa8 19. cxd5 Bxd5 20. b3 h6 21.
Ne5 Nxe5 22. Bxe5 Ne4 23. Bxg7 Kxg7 24. f3 Nc3 25. Rf2 Kf6 26. Kf1 Rxf2+ 27.
Kxf2 Ke6 28. Ke3 b5 29. Kd3 b4 30. a3 Bxb3 31. axb4 Nd5 32. b5 Kd6 33. Rb1 Ba2
34. Rb2 Kc7 35. Ke4 Nc3+ 36. Kd3 Nd5 37. g3 Kb6 38. h4 f5 39. f4 h5 40. Rxa2
Nb4+ 41. Kc4 Nxa2 42. d5 Nc1 43. d6 Ne2 44. Kd5 Nc3+ 45. Ke6 Ne4 46. Ke7 Nxd6
47. Kxd6 Kxb5 48. Ke6 {Black resigns} 1-0

[Event "Team 45 45 League T74"]
[Site "Internet Chess Club"]
[Date "2017.10.19"]
[Round "6"]
[White "limeinthecoke"]
[Black "nosir"]
[Result "1-0"]
[WhiteElo "1576"]
[BlackElo "1406"]
[Opening "English opening"]
[ECO "A22"]
[Time "19:30:25"]
[TimeControl "2700+45"]

1. c4 e5 2. Nc3 Nf6 3. Nf3 d6 4. e3 g6 5. d4 exd4 6. exd4 Bg7 7. h3 O-O 8. Bd3
Re8+ 9. Be3 c6 10. Qd2 Nbd7 11. O-O Nf8 12. Rfe1 Be6 13. Rac1 d5 14. c5 Qc8 15.
Bh6 Qd7 16. Bxg7 Kxg7 17. b4 Bf5 18. Ne5 Qc8 19. Bxf5 Qxf5 20. b5 Qc8 21. a4
N8d7 22. f4 Nxe5 23. fxe5 Ng8 24. Rf1 Qd7 25. Rce1 Re7 26. Re3 h5 27. Ref3 Nh6
28. Ne2 cxb5 29. Ng3 Kh7 30. axb5 Qxb5 31. Nxh5 Rf8 32. Nf6+ Kg7 33. Nxd5 Rd7
34. Nf4 Nf5 35. Nh5+ Kg8 36. Nf6+ Kg7 37. Rxf5 Rfd8 38. Rh5 Rh8 39. Ne8+ Kf8 40.
Rxh8+ Ke7 41. Qf2 {Black resigns} 1-0

[Event "Team 45 45 League T74"]
[Site "Internet Chess Club"]
[Date "2017.10.21"]
[Round "6"]
[White "zethhon"]
[Black "Pawnchain"]
[Result "1-0"]
[WhiteElo "1405"]
[BlackElo "1531"]
[Opening "Queen's Indian: 4.Nc3"]
[ECO "E12"]
[Time "08:00:41"]
[TimeControl "2700+45"]

1. d4 Nf6 2. Nf3 e6 3. c4 b6 4. Nc3 Bb7 5. e3 Bb4 6. a3 Be7 7. Bd3 d5 8. O-O
Nbd7 9. Re1 O-O 10. e4 dxe4 11. Nxe4 Bxe4 12. Bxe4 Nxe4 13. Rxe4 Nf6 14. Re1 Rc8
15. Bf4 c5 16. dxc5 Bxc5 17. Qc2 a5 18. Rad1 Qe7 19. Nd4 Rfd8 20. Nb5 Ng4 21.
Bg3 f6 22. Qe4 Rxd1 23. Rxd1 Nh6 24. Na7 Rd8 25. Rxd8+ Qxd8 26. Qxe6+ Kh8 27. h3
Qe7 28. Qc8+ Qf8 29. Qxf8+ Bxf8 30. Nc8 Bc5 31. Bc7 Nf5 32. Bxb6 Bxb6 33. Nxb6
Nd4 {Black resigns} 1-0

[Event "Team 45 45 League T74"]
[Site "Internet Chess Club"]
[Date "2017.10.21"]
[Round "6"]
[White "QuimCatala"]
[Black "g8wrb"]
[Result "0-1"]
[WhiteElo "1263"]
[BlackElo "1324"]
[Opening "French: advance variation"]
[ECO "C02"]
[Time "13:05:15"]
[TimeControl "2700+45"]

1. e4 e6 2. d4 d5 3. e5 c5 4. c3 Nc6 5. Be3 cxd4 6. cxd4 Qb6 7. Qd2 Nge7 8. g4
Ng6 9. Nc3 Bd7 10. Nf3 O-O-O 11. a3 Be7 12. Bg5 Nxd4 13. Bxe7 Nxf3+ 14. Ke2 Nxd2
15. Kxd2 Qxf2+ 16. Be2 Nxe7 17. Rac1 Kb8 18. Rhf1 Qd4+ 19. Bd3 Ng6 20. Ne2 Qxb2+
21. Rc2 Qxa3 22. Rxf7 Nxe5 23. Rc3 Qa2+ 24. Rc2 Qxc2+ 25. Kxc2 {White resigns}
0-1

[Event "Team 45 45 League T74"]
[Site "Internet Chess Club"]
[Date "2017.10.22"]
[Round "6"]
[White "MasterD"]
[Black "tuantuan"]
[Result "1-0"]
[WhiteElo "1484"]
[BlackElo "1498"]
[Opening "Bishop's opening"]
[ECO "C23"]
[Time "12:08:46"]
[TimeControl "2700+45"]

1. e4 e5 2. Bc4 Nc6 3. Nc3 Bc5 4. Qg4 Qf6 5. Nd5 Qxf2+ 6. Kd1 g6 7. Nh3 Qd4 8.
d3 Bb6 9. Rf1 f5 10. Qf3 d6 11. c3 Qc5 12. Be3 Qa5 13. b4 Qa3 14. Bc1 Qa4+ 15.
Bb3 Qa6 16. a4 Nce7 17. Bc4 Nxd5 18. exd5 e4 19. Qe2 {Black resigns} 1-0

[Event "Team 45 45 League T74"]
[Site "Internet Chess Club"]
[Date "2017.10.21"]
[Round "6"]
[White "liujf"]
[Black "KnightmanAJ"]
[Result "1-0"]
[WhiteElo "1584"]
[BlackElo "1440"]
[Opening "Ruy Lopez: closed, Bogolyubov variation"]
[ECO "C91"]
[Time "10:01:23"]
[TimeControl "2700+45"]

1. e4 e5 2. Nf3 Nc6 3. Bb5 a6 4. Ba4 Nf6 5. O-O Be7 6. Re1 b5 7. Bb3 d6 8. c3
O-O 9. d4 Bg4 10. h3 Bh5 11. Bc2 Bxf3 12. gxf3 Qd7 13. Kh2 Na5 14. Rg1 Rfd8 15.
Bg5 Nh5 16. Qc1 Bxg5 17. Qxg5 g6 18. Qxh5 Kh8 19. Qg5 Nc6 20. Nd2 exd4 21. cxd4
{Black resigns} 1-0

[Event "Team 45 45 League T74"]
[Site "Internet Chess Club"]
[Date "2017.10.18"]
[Round "6"]
[White "bazarov"]
[Black "Xbug"]
[Result "1-0"]
[WhiteElo "1124"]
[BlackElo "1123"]
[Opening "English opening"]
[ECO "A16"]
[Time "21:35:21"]
[TimeControl "2700+45"]

1. c4 Nf6 2. Nc3 g6 3. g3 Bg7 4. Bg2 O-O 5. Nf3 d6 6. O-O e5 7. d3 Nc6 8. Rb1
Bd7 9. b4 a6 10. Ng5 h6 11. Nf3 Qe7 12. Be3 Be6 13. Nd2 Rfd8 14. f4 exf4 15.
Bxf4 Nh5 16. Nd5 Bxd5 17. Bxd5 Nxf4 18. Rxf4 Bd4+ 19. Kh1 Rf8 20. Bxc6 Be3 21.
Re4 Qf6 22. Rxe3 bxc6 23. Ne4 Qe5 24. Qf1 f5 25. Qh3 fxe4 26. Rxe4 Qh5 27. Qxh5
gxh5 28. Re6 Rae8 29. Rxh6 Rxe2 30. a4 Rff2 31. Rxh5 Ra2 32. a5 Rad2 33. Re1 Kf7
34. g4 Rg2 35. Rg1 Rgf2 36. Rh3 Rb2 37. g5 Kg6 38. Rh6+ Kg7 39. Rh3 Rbe2 40. g6
Re6 41. Rh7+ Kg8 42. g7 Re8 43. Rh8+ Kf7 44. Rxe8 Kxe8 45. g8=Q+ {Black resigns}
1-0

[Event "Team 45 45 League T74"]
[Site "Internet Chess Club"]
[Date "2017.10.18"]
[Round "6"]
[White "smsxman"]
[Black "seattleblues"]
[Result "0-1"]
[WhiteElo "1371"]
[BlackElo "1348"]
[Opening "Queen's pawn game"]
[ECO "D05"]
[Time "06:00:12"]
[TimeControl "2700+45"]

1. d4 Nf6 2. Nf3 e6 3. e3 d5 4. Nc3 Nbd7 5. Bb5 a6 6. Bxd7+ Bxd7 7. O-O Be7 8.
Ne5 O-O 9. Re1 c5 10. Nxd7 Qxd7 11. e4 cxd4 12. Qxd4 Rac8 13. e5 Ne8 14. Qg4 Rc4
15. Qg3 b5 16. Bh6 Bh4 17. Qe3 gxh6 18. Qxh6 Qd8 19. Rad1 Bg5 20. Qh3 Kh8 21.
Ne4 Rg8 22. Qh5 Qe7 23. Nxg5 Qxg5 24. Qxg5 Rxg5 25. Rd3 Rxc2 26. Rb3 Rc6 27. g3
Ng7 28. a4 Rb6 29. Rc1 Nf5 30. h4 Rg8 31. Kh2 Nd4 32. Rb4 Nc6 33. Rxc6 Rxc6 34.
axb5 axb5 35. Rxb5 Rcc8 36. f4 Rb8 37. Rxb8 Rxb8 {White resigns} 0-1

[Event "Team 45 45 League T74"]
[Site "Internet Chess Club"]
[Date "2017.10.19"]
[Round "6"]
[White "rkjulianjr"]
[Black "Just-Jim"]
[Result "0-1"]
[WhiteElo "1293"]
[BlackElo "1331"]
[Opening "QGD: Marshall defense"]
[ECO "D06"]
[Time "19:31:27"]
[TimeControl "2700+45"]

1. d4 d5 2. c4 Nf6 3. Nc3 h6 4. h3 a6 5. Bf4 Nc6 6. e3 e6 7. Bd3 Bd7 8. Nge2 Na5
9. cxd5 Nxd5 10. Bg3 Nb4 11. O-O Nxd3 12. Qxd3 Bb4 13. Rac1 Be7 14. Qc2 O-O 15.
Na4 Bd6 16. Bxd6 cxd6 17. Qc7 Qxc7 18. Rxc7 Bxa4 19. Rfc1 g5 20. b3 Bb5 21. Ng3
Nc6 22. a4 Bd3 23. Rxb7 Na5 24. Rb6 Rfc8 25. Re1 Bc2 26. Rxd6 Bxb3 27. Ne4 Nc4
28. Rd7 Bxa4 29. Rb7 Bc6 30. Nf6+ Kg7 31. Rb4 Kxf6 32. Rxc4 Bb5 33. Rb4 Rcb8 34.
e4 a5 35. e5+ Ke7 36. Rb2 a4 37. Rc1 Kd7 38. Rd2 Ra6 39. d5 exd5 40. Rxd5+ Ke6
41. Rcc5 a3 42. Rd1 a2 43. Ra1 Rbb6 44. Rc2 Kxe5 45. Rcxa2 Rxa2 46. Rxa2 Bd3 47.
Kh2 Bc4 48. Ra5+ Kf6 49. g4 Rb2 50. Rf5+ Kg6 51. Kg3 Rb3+ 52. Kh2 Be6 53. Ra5 h5
54. h4 hxg4 55. Rxg5+ Kh6 56. Rg8 Rh3+ 57. Kg2 Bd5+ 58. f3 Bxf3+ 59. Kf2 Rxh4
60. Rh8+ Kg5 61. Rg8+ Kf4 62. Rg7 f5 63. Rg6 Rh3 64. Ra6 g3+ 65. Ke1 Rh1+ 66.
Kd2 g2 67. Ra4+ Kg3 68. Ra6 g1=Q 69. Rg6+ Kf2 70. Rxg1 Rxg1 {White resigns} 0-1

[Event "Team 45 45 League T74"]
[Site "Internet Chess Club"]
[Date "2017.10.18"]
[Round "6"]
[White "Rbug"]
[Black "rhayder"]
[Result "0-1"]
[WhiteElo "1033"]
[BlackElo "1121"]
[Opening "two knights defense: Fegatello attack"]
[ECO "C57"]
[Time "19:04:17"]
[TimeControl "2700+45"]

1. e4 e5 2. Nf3 Nc6 3. Bc4 Nf6 4. Ng5 d5 5. exd5 Nxd5 6. Nxf7 Kxf7 7. Qf3+ Ke7
8. Bxd5 Nd4 9. Qe4 Qd6 10. Nc3 c6 11. Qh4+ Qf6 12. Qxf6+ gxf6 13. Bb3 Be6 14.
Bxe6 Kxe6 15. Kd1 Rg8 16. g3 Rd8 17. d3 Nf3 18. Ne4 f5 19. Nc5+ Bxc5 {White
resigns} 0-1

[Event "Team 45 45 League T74"]
[Site "Internet Chess Club"]
[Date "2017.10.21"]
[Round "6"]
[White "mongmong"]
[Black "Electryon"]
[Result "1/2-1/2"]
[WhiteElo "1480"]
[BlackElo "1485"]
[Opening "QGD Slav: 4.e3 Bf5"]
[ECO "D12"]
[Time "17:02:20"]
[TimeControl "2700+45"]

1. d4 d5 2. Nf3 Nf6 3. e3 Bf5 4. c4 c6 5. Nc3 e6 6. Nh4 Bg6 7. Nxg6 hxg6 8. Be2
Qc7 9. h3 g5 10. cxd5 exd5 11. Bd2 Be7 12. Bf3 Nbd7 13. Rc1 Qd6 14. a3 Nb6 15.
Be2 Qd7 16. g4 Qe6 17. Kf1 Ne4 18. Kg2 Nxc3 19. Bxc3 Qe4+ 20. Bf3 Qg6 21. Qc2
Qe6 22. Qf5 Qxf5 23. gxf5 f6 24. Rc2 Kf7 25. Rcc1 Na4 26. Rc2 g6 27. fxg6+ Kxg6
28. e4 dxe4 29. Bxe4+ f5 30. Bf3 Nxc3 31. Rxc3 Rad8 32. Rd3 Bf6 33. Rhd1 Rd7 34.
d5 Rhd8 35. b3 {Game drawn by mutual agreement} 1/2-1/2

[Event "Team 45 45 League T74"]
[Site "Internet Chess Club"]
[Date "2017.10.19"]
[Round "6"]
[White "Aquaman"]
[Black "Toalla"]
[Result "0-1"]
[WhiteElo "1249"]
[BlackElo "1232"]
[Opening "King's Indian: London system"]
[ECO "A48"]
[Time "16:31:41"]
[TimeControl "2700+45"]

1. d4 Nf6 2. Nf3 g6 3. Bf4 e6 4. e3 d5 5. Nbd2 Bg7 6. Be2 c6 7. c4 Nbd7 8. b3
Nh5 9. Bd6 Bf8 10. Bxf8 Nxf8 11. Ne5 f6 12. Nd3 Ng7 13. O-O Nd7 14. c5 O-O 15.
b4 e5 16. dxe5 fxe5 17. Qb3 Kh8 18. Qb2 Qf6 19. Qc1 Ne6 20. f3 Rf7 21. e4 Nd4
22. Bd1 Nf8 23. f4 exf4 24. Nxf4 Qe5 25. Nd3 Rxf1+ 26. Nxf1 Qxe4 27. Qd2 Bg4 28.
Ng3 Qe6 29. Nf4 Qf6 30. Rc1 Bf5 31. Nxf5 Nxf5 32. Qf2 Re8 33. Bc2 Qd4 34. Bxf5
Qxf2+ 35. Kxf2 gxf5 36. Rc2 Ng6 37. Ne2 Kg7 38. g3 Kf6 39. Nd4 Ne5 40. Kg2 Ng4
41. Kh3 h5 42. Rc3 Nf2+ 43. Kh4 Re4+ 44. Kxh5 Rxd4 45. a3 Ne4 46. Rf3 Ng5 47.
Re3 Re4 48. Rc3 d4 49. Rc1 d3 50. Rd1 Re3 51. h4 Nf3 52. g4 fxg4 53. Kxg4 Ne5+
54. Kf4 Rh3 55. Rf1 d2 56. Ke4+ Ke6 57. Rd1 Rxh4+ 58. Ke3 Rh3+ 59. Kxd2 Rxa3 60.
Rb1 Nc4+ 61. Kc2 Ne3+ 62. Kd2 Kd5 63. Ke2 Kd4 64. Rb2 Kc4 65. Kd2 Rb3 66. Rc2+
Nxc2 {White resigns} 0-1